TOP OF THE 1ST |
Lansing Lugnuts batting - Pitching for Greenville Drive : RHP Teruhiko Ushijima
|
Pitching: RHP Teruhiko Ushijima
|
|
Batting: RHB Kennet Strijbis
|
0-0: Ball 1-0: SOLO HOME RUN (Line Drive, 9D, EV 98.8 MPH), Distance : 402 ft
|
Batting: RHB Carlos Renteria
|
0-0: Foul Ball, location: 2F 0-1: Ball 1-1: Foul Ball, location: 2F 1-2: Ball 2-2: Foul Ball, location: 2F 2-2: Ball 3-2: Strikes out swinging
|
Batting: RHB James Boynton
|
0-0: Ball 1-0: Ball 2-0: Foul Ball, location: 2F 2-1: Foul Ball, location: 2F 2-2: Ground out 6-3 (Groundball, P, EV 80.0 MPH)
|
Batting: LHB Marc Carter
|
0-0: Ball 1-0: Called Strike 1-1: Foul Ball, location: 2F 1-2: Ball 2-2: Ball 3-2: Base on Balls
|
Batting: RHB Freddy Quintero
|
0-0: Foul Ball, location: 2F 0-1: Called Strike 0-2: Ball 1-2: Ball 2-2: Strikes out swinging
|
Top of the 1st over - 1 run, 1 hit, 0 errors, 1 left on base; Lansing 1 - Greenville 0 |
BOTTOM OF THE 1ST |
Greenville Drive batting - Pitching for Lansing Lugnuts : RHP William Cordero
|
Pitching: RHP William Cordero
|
|
Batting: RHB Aukukero Tairi
|
0-0: Ball 1-0: Foul Ball, location: 2F 1-1: Foul Ball, location: 2F 1-2: Ball 2-2: Strikes out looking
|
Batting: LHB Kien-lung Zou
|
0-0: Ball 1-0: Called Strike 1-1: Foul Ball, location: 2F 1-2: Fly out, F8 (Flyball, 78S, EV 95.0 MPH)
|
Batting: SHB Salvador Padilla
|
0-0: Ball 1-0: Ball 2-0: Foul Ball, location: 2F 2-1: Swinging Strike 2-2: Foul Ball, location: 2F 2-2: Ball 3-2: Strikes out swinging
|
Bottom of the 1st over - 0 runs, 0 hits, 0 errors, 0 left on base; Lansing 1 - Greenville 0 |
TOP OF THE 2ND |
Lansing Lugnuts batting - Pitching for Greenville Drive : RHP Teruhiko Ushijima
|
Batting: LHB Danny Bailey
|
0-0: Ball 1-0: Swinging Strike 1-1: Swinging Strike 1-2: Strikes out swinging
|
Batting: RHB Justin Geiger
|
0-0: Swinging Strike 0-1: Ball 1-1: Foul Ball, location: 2F 1-2: Ball 2-2: Fly out, F3 (Popup, 3SF, EV 81.9 MPH)
|
Batting: RHB Elliot Manfredini
|
0-0: Called Strike 0-1: Ball 1-1: Ground out 6-3 (Groundball, 6, EV 89.4 MPH)
|
Top of the 2nd over - 0 runs, 0 hits, 0 errors, 0 left on base; Lansing 1 - Greenville 0 |
BOTTOM OF THE 2ND |
Greenville Drive batting - Pitching for Lansing Lugnuts : RHP William Cordero
|
Pitching: RHP Ron Kehoe
|
|
Batting: SHB Matsudaira Ikeda
|
0-0: Called Strike 0-1: Ground out 6-3 (Groundball, 6, EV 91.2 MPH)
|
Batting: RHB Alex Cardenas
|
0-0: Called Strike 0-1: Foul Ball, location: 2F 0-2: Ball 1-2: Ball 2-2: Strikes out swinging
|
Batting: LHB Robert Gonzalez
|
0-0: Fly out, F7 (Flyball, 7, EV 90.6 MPH)
|
Bottom of the 2nd over - 0 runs, 0 hits, 0 errors, 0 left on base; Lansing 1 - Greenville 0 |
TOP OF THE 3RD |
Lansing Lugnuts batting - Pitching for Greenville Drive : RHP Teruhiko Ushijima
|
Batting: RHB Ricky Carbajal
|
0-0: Foul Ball, location: 2F 0-1: Foul Ball, location: 2F 0-2: Ball 1-2: Foul Ball, location: 2F 1-2: Strikes out swinging
|
Batting: RHB Kennet Strijbis
|
0-0: Ball 1-0: Foul Ball, location: 2F 1-1: Ground out 4-3 (Groundball, 34D, EV 85.0 MPH)
|
Batting: RHB Carlos Renteria
|
0-0: Ball 1-0: Swinging Strike 1-1: SINGLE (Line Drive, 7S, EV 105.0 MPH)
|
Batting: RHB James Boynton
|
0-0: Called Strike Carlos Renteria is caught stealing 2nd base 2-4
|
Top of the 3rd over - 0 runs, 1 hit, 0 errors, 0 left on base; Lansing 1 - Greenville 0 |
BOTTOM OF THE 3RD |
Greenville Drive batting - Pitching for Lansing Lugnuts : RHP Ron Kehoe
|
Batting: RHB Mario Arriero
|
0-0: Ball 1-0: Foul Ball, location: 2F 1-1: Foul Ball, location: 2F 1-2: Ball 2-2: Foul Ball, location: 2F 2-2: Foul Ball, location: 2F 2-2: Strikes out swinging
|
Batting: RHB Matt Parker
|
0-0: Ground out 5-3 (Groundball, 56S, EV 92.5 MPH)
|
Batting: RHB Josh Smith
|
0-0: Ball 1-0: Ball 2-0: Ball 3-0: Called Strike 3-1: Called Strike 3-2: SOLO HOME RUN (Flyball, 7D, EV 99.4 MPH), Distance : 389 ft
|
Batting: RHB Aukukero Tairi
|
0-0: Called Strike 0-1: Ball 1-1: Foul Ball, location: 2F 1-2: Ball 2-2: Ball 3-2: Base on Balls
|
Batting: LHB Kien-lung Zou
|
0-0: SINGLE (Line Drive, 9S, EV 106.2 MPH) Aukukero Tairi to second
|
Batting: SHB Salvador Padilla
|
0-0: Called Strike 0-1: Ball 1-1: Swinging Strike 1-2: Ball 2-2: Foul Ball, location: 2F 2-2: Ball 3-2: Strikes out swinging
|
Bottom of the 3rd over - 1 run, 2 hits, 0 errors, 2 left on base; Lansing 1 - Greenville 1 |
TOP OF THE 4TH |
Lansing Lugnuts batting - Pitching for Greenville Drive : RHP Teruhiko Ushijima
|
Batting: RHB James Boynton
|
0-0: Ball 1-0: Called Strike 1-1: Ball 2-1: Foul Ball, location: 2F 2-2: Ball 3-2: Foul Ball, location: 2F 3-2: Ground out 6-3 (Groundball, 6, EV 86.2 MPH)
|
Batting: LHB Marc Carter
|
0-0: Ball 1-0: Ball 2-0: Called Strike 2-1: Ball 3-1: Base on Balls
|
Batting: RHB Freddy Quintero
|
0-0: Ball 1-0: Called Strike 1-1: Ball 2-1: Foul Ball, location: 2F 2-2: Strikes out swinging
|
Batting: LHB Danny Bailey
|
0-0: Called Strike 0-1: Foul Ball, location: 2F 0-2: Ball 1-2: Ball 2-2: Strikes out swinging
|
Top of the 4th over - 0 runs, 0 hits, 0 errors, 1 left on base; Lansing 1 - Greenville 1 |
BOTTOM OF THE 4TH |
Greenville Drive batting - Pitching for Lansing Lugnuts : RHP Ron Kehoe
|
Batting: SHB Matsudaira Ikeda
|
0-0: Ball 1-0: Swinging Strike 1-1: Ball 2-1: Swinging Strike 2-2: Ball 3-2: Strikes out looking
|
Batting: RHB Alex Cardenas
|
0-0: Ground out 3-1 (Groundball, 34, EV 84.4 MPH)
|
Batting: LHB Robert Gonzalez
|
0-0: Ball 1-0: Called Strike 1-1: Ball 2-1: Called Strike 2-2: Ball 3-2: Base on Balls
|
Batting: RHB Mario Arriero
|
0-0: Foul Ball, location: 2F 0-1: Called Strike 0-2: Ball 1-2: Strikes out looking
|
Bottom of the 4th over - 0 runs, 0 hits, 0 errors, 1 left on base; Lansing 1 - Greenville 1 |
TOP OF THE 5TH |
Lansing Lugnuts batting - Pitching for Greenville Drive : RHP Teruhiko Ushijima
|
Batting: RHB Justin Geiger
|
0-0: Ball 1-0: Called Strike 1-1: Ground out 5-3 (Groundball, 5, EV 105.6 MPH)
|
Batting: RHB Elliot Manfredini
|
0-0: Foul Ball, location: 2F 0-1: Ball 1-1: Ball 2-1: Foul Ball, location: 2F 2-2: Strikes out swinging
|
Batting: RHB Ricky Carbajal
|
0-0: DOUBLE (Flyball, 78D, EV 108.1 MPH)
|
Batting: RHB Kennet Strijbis
|
0-0: Swinging Strike 0-1: SINGLE (Groundball, 6MD, EV 101.9 MPH) Ricky Carbajal to third Runner from 3rd tries for Home, SAFE, throw by CF to home
|
Batting: RHB Carlos Renteria
|
0-0: Called Strike 0-1: Ball 1-1: Ball Kennet Strijbis steals 2nd base 2-1: Ground out 6-3 (Groundball, 6, EV 105.0 MPH)
|
Top of the 5th over - 1 run, 2 hits, 0 errors, 1 left on base; Lansing 2 - Greenville 1 |
BOTTOM OF THE 5TH |
Greenville Drive batting - Pitching for Lansing Lugnuts : RHP Ron Kehoe
|
Batting: RHB Matt Parker
|
0-0: Called Strike 0-1: Ball 1-1: Swinging Strike 1-2: Ball 2-2: Strikes out looking
|
Batting: RHB Josh Smith
|
0-0: Ball 1-0: Ball 2-0: Ball 3-0: Called Strike 3-1: Foul Ball, location: 2F 3-2: Ground out 5-3 (Groundball, 56S, EV 93.1 MPH)
|
Batting: RHB Aukukero Tairi
|
0-0: Ball 1-0: Ball 2-0: Ball 3-0: Base on Balls
|
Pitching: RHP Eric Bessire
|
|
Batting: LHB Kien-lung Zou
|
0-0: Ground out 6-3 (Groundball, 6, EV 110.0 MPH)
|
Bottom of the 5th over - 0 runs, 0 hits, 0 errors, 1 left on base; Lansing 2 - Greenville 1 |
TOP OF THE 6TH |
Lansing Lugnuts batting - Pitching for Greenville Drive : RHP Teruhiko Ushijima
|
Pitching: RHP Jon Olivo
|
|
Batting: RHB James Boynton
|
0-0: Swinging Strike 0-1: Foul Ball, location: 2F 0-2: Ball 1-2: Ground out 6-3 (Groundball, 56, EV 88.8 MPH)
|
Batting: LHB Marc Carter
|
0-0: Ball 1-0: Foul Ball, location: 2F 1-1: Swinging Strike 1-2: Foul Ball, location: 2F 1-2: Strikes out swinging
|
Batting: RHB Freddy Quintero
|
0-0: Ball 1-0: Called Strike 1-1: Fly out, F8 (Flyball, 8LXD, EV 104.4 MPH)
|
Top of the 6th over - 0 runs, 0 hits, 0 errors, 0 left on base; Lansing 2 - Greenville 1 |
BOTTOM OF THE 6TH |
Greenville Drive batting - Pitching for Lansing Lugnuts : RHP Eric Bessire
|
Batting: SHB Salvador Padilla
|
0-0: Called Strike 0-1: Foul Ball, location: 2F 0-2: Foul Ball, location: 2F 0-2: Strikes out looking
|
Batting: SHB Matsudaira Ikeda
|
0-0: Foul Ball, location: 2F 0-1: Foul Ball, location: 2F 0-2: Fly out, F9 (Flyball, 89S, EV 90.6 MPH)
|
Batting: RHB Alex Cardenas
|
0-0: Ball 1-0: DOUBLE (Flyball, 8LXD, EV 100.0 MPH)
|
Batting: LHB Robert Gonzalez
|
0-0: Swinging Strike 0-1: Ball 1-1: Foul Ball, location: 2F 1-2: Strikes out looking
|
Bottom of the 6th over - 0 runs, 1 hit, 0 errors, 1 left on base; Lansing 2 - Greenville 1 |
TOP OF THE 7TH |
Lansing Lugnuts batting - Pitching for Greenville Drive : RHP Jon Olivo
|
Batting: LHB Danny Bailey
|
0-0: Ball 1-0: Ball 2-0: Called Strike 2-1: Swinging Strike 2-2: Ground out 6-3 (Groundball, P, EV 80.0 MPH)
|
Batting: RHB Justin Geiger
|
0-0: Ball 1-0: SINGLE (Line Drive, 34D, EV 94.4 MPH)
|
Batting: RHB Elliot Manfredini
|
0-0: Ball 1-0: Ball Justin Geiger steals 2nd base 2-0: Called Strike 2-1: Ground out 6-3 (Groundball, 56D, EV 103.1 MPH)
|
Pinch Hitting: LHB Timo Gomez
|
0-0: Ball 1-0: Foul Ball, location: 2F 1-1: Ball 2-1: Fly out, F8 (Flyball, 8LM, EV 81.9 MPH)
|
Top of the 7th over - 0 runs, 1 hit, 0 errors, 1 left on base; Lansing 2 - Greenville 1 |
BOTTOM OF THE 7TH |
Greenville Drive batting - Pitching for Lansing Lugnuts : RHP Eric Bessire
|
Now in LF: Timo Gomez
|
|
Now in CF: Brian Manson
|
|
Batting: RHB Mario Arriero
|
0-0: Ball 1-0: Ball 2-0: Called Strike 2-1: Foul Ball, location: 2F 2-2: Strikes out swinging
|
Pinch Hitting: LHB Eddie Contreras
|
0-0: Ball 1-0: Ball 2-0: Ball 3-0: Base on Balls
|
Batting: RHB Josh Smith
|
0-0: Swinging Strike 0-1: Swinging Strike 0-2: Ball 1-2: Strikes out swinging
|
Pinch Hitting: LHB Carlos Guerra
|
0-0: Called Strike 0-1: Ball 1-1: Foul Ball, location: 2F 1-2: Strikes out swinging
|
Bottom of the 7th over - 0 runs, 0 hits, 0 errors, 1 left on base; Lansing 2 - Greenville 1 |
TOP OF THE 8TH |
Lansing Lugnuts batting - Pitching for Greenville Drive : RHP Jon Olivo
|
Now at 2B: Bobby Schimke
|
|
Now in LF: Carlos Guerra
|
|
Now in CF: Mario Arriero
|
|
Batting: RHB Kennet Strijbis
|
0-0: Ball 1-0: Swinging Strike 1-1: SINGLE (Groundball, 4M, EV 96.2 MPH)
|
Batting: RHB Carlos Renteria
|
0-0: Ball Kennet Strijbis steals 2nd base 1-0: Fly out, F8 (Flyball, 78M, EV 86.9 MPH)
|
Batting: RHB James Boynton
|
0-0: Ball 1-0: Ground out 4-3 (Groundball, 4, EV 102.5 MPH) Kennet Strijbis to third
|
Batting: LHB Marc Carter
|
0-0: Called Strike 0-1: Swinging Strike 0-2: Strikes out swinging
|
Top of the 8th over - 0 runs, 1 hit, 0 errors, 1 left on base; Lansing 2 - Greenville 1 |
BOTTOM OF THE 8TH |
Greenville Drive batting - Pitching for Lansing Lugnuts : RHP Eric Bessire
|
Pitching: RHP Scott Lowry
|
|
Batting: LHB Kien-lung Zou
|
0-0: Called Strike 0-1: Foul Ball, location: 2F 0-2: Ball 1-2: SINGLE (Line Drive, 78S, EV 105.0 MPH)
|
Batting: SHB Salvador Padilla
|
0-0: Ball 1-0: Called Strike 1-1: Swinging Strike 1-2: Strikes out swinging
|
Batting: SHB Matsudaira Ikeda
|
0-0: Ball 1-0: Swinging Strike 1-1: Foul Ball, location: 2F 1-2: Ball 2-2: Strikes out swinging
|
Batting: RHB Alex Cardenas
|
0-0: Swinging Strike 0-1: Called Strike 0-2: Strikes out swinging
|
Bottom of the 8th over - 0 runs, 1 hit, 0 errors, 1 left on base; Lansing 2 - Greenville 1 |
TOP OF THE 9TH |
Lansing Lugnuts batting - Pitching for Greenville Drive : RHP Jon Olivo
|
Pitching: RHP Ross Ratcliffe
|
|
Batting: RHB Freddy Quintero
|
0-0: Foul Ball, location: 2F 0-1: Swinging Strike 0-2: Ball 1-2: Ball 2-2: Fly out, F7 (Flyball, 7S, EV 88.1 MPH)
|
Batting: RHB Brian Manson
|
0-0: Ball 1-0: Ball 2-0: DOUBLE (Groundball, 5L, EV 96.2 MPH)
|
Batting: RHB Justin Geiger
|
0-0: Called Strike 0-1: Called Strike Brian Manson steals 3rd base 0-2: Ball 1-2: Strikes out swinging
|
Pitching: RHP Tyler Tomblin
|
|
Batting: RHB Elliot Manfredini
|
0-0: Called Strike 0-1: Ball 1-1: Ground out 5-3 (Groundball, 56, EV 83.8 MPH)
|
Top of the 9th over - 0 runs, 1 hit, 0 errors, 1 left on base; Lansing 2 - Greenville 1 |
BOTTOM OF THE 9TH |
Greenville Drive batting - Pitching for Lansing Lugnuts : RHP Scott Lowry
|
Pitching: RHP Dave Vandehey
|
|
Batting: LHB Robert Gonzalez
|
0-0: Called Strike 0-1: Ground out 4-3 (Groundball, 4S, EV 78.1 MPH)
|
Batting: RHB Mario Arriero
|
0-0: Ball 1-0: Foul Ball, location: 2F 1-1: Called Strike 1-2: Ball 2-2: Fly out, F8 (Flyball, 8RD, EV 104.4 MPH)
|
Pinch Hitting: SHB Robert Soto
|
0-0: Ball 1-0: Ground out 6-3 (Groundball, 4, EV 80.0 MPH)
|
Bottom of the 9th over - 0 runs, 0 hits, 0 errors, 0 left on base; Lansing 2 - Greenville 1 |
|